 Dungeon Crawl Stone Soup version 0.28-a0-881-gae16bb6c82 (webtiles) character file.

Game seed: 17354613962962955245

130 Gargoyl the Skirmisher (level 5, -2/47 HPs)
             Began as a Gnoll Abyssal Knight on Nov 21, 2021.
             Was a Follower of Lugonu.
             Slain by Pikel (6 damage)
             ... on level 3 of the Dungeon.
             The game lasted 00:03:58 (2865 turns).

Gargoyl the Skirmisher (Gnoll Abyssal Knight)       Turns: 2865, Time: 00:03:58

Health: -2/47      AC: 15    Str: 13    XL:     5   Next: 13%
Magic:  8/8        EV:  4    Int:  9    God:    Lugonu [*.....]
Gold:   244        SH:  0    Dex: 13    Spells: 6/6 levels left

rFire   . . .      SeeInvis .   a - +2 hand axe
rCold   . . .      Faith    .   (no shield)
rNeg    . . .      Spirit   .   d - +1 plate armour {Will+}
rPois   .          Reflect  .   (no helmet)
rElec   .          Harm     .   (no cloak)
rCorr   .          Rampage  .   e - +1 pair of gloves
Will    +....                   (no boots)
Stlth   ..........              (no amulet)
HPRegen 0.15/turn               (no ring)
MPRegen 0.11/turn               (no ring)

@: about to teleport, hasted, very quick
A: fangs 1, strong nose, distributed training
a: Renounce Religion, Depart the Abyss


You were on level 3 of the Dungeon.
You worshipped Lugonu.
Lugonu was aware of your devotion.
You visited 1 branch of the dungeon, and saw 4 of its levels.
You visited the Abyss 1 time.

You collected 244 gold pieces.

Inventory:

Hand Weapons
 a - a +2 hand axe (weapon)
Missiles
 c - 55 poisoned darts (quivered)
Armour
 d - a +1 plate armour of willpower (worn)
 e - a +1 pair of gloves (worn)
Scrolls
 f - a scroll of identify
Potions
 b - a potion of haste
 j - a potion of flight


   Skills:
 + Level 6.6 Fighting
 + Level 1.3 Short Blades
 + Level 1.3 Long Blades
 + Level 4.7 Axes
 + Level 1.3 Maces & Flails
 + Level 1.3 Polearms
 + Level 1.3 Staves
 + Level 1.3 Slings
 + Level 1.3 Bows
 + Level 1.3 Crossbows
 + Level 1.3 Throwing
 + Level 4.7 Armour
 + Level 2.9 Dodging
 + Level 1.3 Stealth
 + Level 1.3 Shields
 + Level 1.3 Unarmed Combat
 + Level 1.3 Spellcasting
 + Level 1.1 Conjurations
 + Level 1.1 Hexes
 + Level 1.1 Summonings
 + Level 1.1 Necromancy
 + Level 1.1 Translocations
 + Level 1.1 Transmutations
 + Level 1.1 Fire Magic
 + Level 1.1 Ice Magic
 + Level 1.1 Air Magic
 + Level 1.1 Earth Magic
 + Level 1.1 Poison Magic
 + Level 4.8 Invocations
 + Level 1.3 Evocations


You had 6 spell levels left.
You didn't know any spells.
Your spell library contained the following spells:

 Spells                   Type           Power      Damage    Failure   Level
 Ensorcelled Hibernation  Hex/Ice        4%         N/A       100%        2
 Tukima's Dance           Hex            2%         N/A       100%        3


Dungeon Overview and Level Annotations

Branches:
Dungeon (4/15)
 Temple: D:4-7

Altars:

Shops:
D:2 ((

Annotations:
D:3 Pikel


Innate Abilities, Weirdness & Mutations

You have very sharp teeth.
Your uncanny sense of smell can sniff out nearby items.
Your experience applies equally to all skills.


Message History

Pikel hits you with a +2 whip of freezing!
* * * LOW HITPOINT WARNING * * *
Pikel freezes you.
* * * LOW HITPOINT WARNING * * *
You hit Pikel but do no damage. You bite Pikel, but do no damage.
Pikel is heavily wounded.
Pikel hits you but does no damage.
You feel yourself speed up. Pikel hits you but does no damage.
You feel better.
You feel your willpower return. Pikel hits you but does no damage.
You hit Pikel.
Pikel is severely wounded.
Pikel hits you with a +2 whip of freezing.
Pikel freezes you.
You slash Pikel!
Pikel is almost dead.
You hit Pikel but do no damage. Your bite misses Pikel.
Pikel is almost dead.
Pikel hits you with a +2 whip of freezing.
* * * LOW HITPOINT WARNING * * *
Pikel freezes you.
* * * LOW HITPOINT WARNING * * *
You barely miss Pikel.
Pikel is almost dead.
Pikel hits you with a +2 whip of freezing!
* * * LOW HITPOINT WARNING * * *
Pikel freezes you.
* * * LOW HITPOINT WARNING * * *
You hit Pikel.
Pikel is almost dead.
Pikel hits you but does no damage.
You hit Pikel.
Pikel is almost dead.
Unknown command.
Okay, then.
As you read the scroll of teleportation, it crumbles to dust.
You feel strangely unstable.
Pikel hits you with a +2 whip of freezing.
You die...

##.# #...........
#.###[..........
##.##........)รท..
#...#.........)).
#................
#....#.........).
#....##..........
#####....###.....#...
#...@...## ##########
##.###K..# ########
#..# #...# #.......
#### #...# #.......
#>..# #....... #####
#....... #.......
#....... #.......


You could see Pikel.

Vanquished Creatures
  A centaur skeleton (D:3)
  3 adders (D:2)
  2 worms
  2 dart slugs
  5 orcs (D:3)
  7 bats
  3 endoplasms
  8 giant cockroaches
  5 goblins
  3 hobgoblins
  2 jackals (D:1)
  4 kobolds
  A quokka (D:3)
  6 ball pythons
  3 frilled lizards
  2 rats
57 creatures vanquished.

Vanquished Creatures (others)
  A demonic plant (Abyss:2)
1 creature vanquished.

Grand Total: 58 creatures vanquished

Notes
Turn   | Place    | Note
-------+----------+-------------------------------------------
     0 | Abyss:1  | Gargoyl the Gnoll Abyssal Knight began the quest for the
                  | Orb.
     0 | Abyss:1  | Reached XP level 1. HP: 23/23 MP: 3/3
    44 | Abyss:1  | Noticed a vampire
    75 | Abyss:2  | Found a burning altar of Makhleb.
   197 | Abyss:4  | Noticed a flying skull
   201 | D:1      | Escaped the Abyss
   500 | D:1      | Reached XP level 2. HP: 29/29 MP: 5/5
   647 | D:1      | Reached * piety under Lugonu
   976 | D:1      | Reached XP level 3. HP: 32/35 MP: 6/6
  1708 | D:2      | Reached skill level 1 in Short Blades
  1708 | D:2      | Reached skill level 1 in Long Blades
  1708 | D:2      | Reached skill level 1 in Maces & Flails
  1708 | D:2      | Reached skill level 1 in Polearms
  1708 | D:2      | Reached skill level 1 in Staves
  1708 | D:2      | Reached skill level 1 in Slings
  1708 | D:2      | Reached skill level 1 in Bows
  1708 | D:2      | Reached skill level 1 in Crossbows
  1708 | D:2      | Reached skill level 1 in Throwing
  1708 | D:2      | Reached skill level 1 in Stealth
  1708 | D:2      | Reached skill level 1 in Shields
  1708 | D:2      | Reached skill level 1 in Unarmed Combat
  1708 | D:2      | Reached skill level 1 in Spellcasting
  1708 | D:2      | Reached skill level 1 in Evocations
  1708 | D:2      | Reached XP level 4. HP: 35/41 MP: 7/7
  1896 | D:2      | Found Wopt's Weapon Boutique.
  2223 | D:2      | Found Vefinuagom's Antique Weapon Boutique.
  2449 | D:3      | Reached skill level 1 in Conjurations
  2449 | D:3      | Reached skill level 1 in Hexes
  2449 | D:3      | Reached skill level 1 in Summonings
  2449 | D:3      | Reached skill level 1 in Necromancy
  2449 | D:3      | Reached skill level 1 in Translocations
  2449 | D:3      | Reached skill level 1 in Transmutations
  2449 | D:3      | Reached skill level 1 in Fire Magic
  2449 | D:3      | Reached skill level 1 in Ice Magic
  2449 | D:3      | Reached skill level 1 in Air Magic
  2449 | D:3      | Reached skill level 1 in Earth Magic
  2449 | D:3      | Reached skill level 1 in Poison Magic
  2462 | D:3      | Reached XP level 5. HP: 30/47 MP: 8/8
  2830 | D:4      | Noticed a lemure
  2830 | D:4      | Noticed Pikel
  2831 | D:4      | Noticed a lemure
  2831 | D:4      | Noticed a lemure
  2833 | D:4      | Noticed a lemure
  2865 | D:3      | Slain by Pikel

Illustrated notes

Levels and vault maps discovered:
D:1:      lightli_arrival_statue_moat, layout_loops_ring
D:2:      layout_loops_ring, serial_shops, nicolae_square_shop,
          nicolae_shop_stone, wander_ebering_terrifying_dragon_lair
D:3:      layout_rooms
D:4:      layout_basic, overflow_temple_1_default,
          cheibrodos_sewer_entry_sluice, minmay_misc_feat_encased,
          kennysheep_generic_room_9, uniq_pikel, uniq_edmund

Skill      XL: |  1  2  3  4 |
---------------+-------------+-----
Short Blades   | 1 |  1.3
Long Blades    | 1 |  1.3
Maces & Flails | 1 |  1.3
Polearms       | 1 |  1.3
Staves         | 1 |  1.3
Slings         | 1 |  1.3
Bows           | 1 |  1.3
Crossbows      | 1 |  1.3
Throwing       | 1 |  1.3
Stealth        | 1 |  1.3
Shields        | 1 |  1.3
Unarmed Combat | 1 |  1.3
Spellcasting   | 1 |  1.3
Evocations     | 1 |  1.3
Conjurations   | 1 |  1.1
Hexes          | 1 |  1.1
Summonings     | 1 |  1.1
Necromancy     | 1 |  1.1
Translocations | 1 |  1.1
Transmutations | 1 |  1.1
Fire Magic     | 1 |  1.1
Ice Magic      | 1 |  1.1
Air Magic      | 1 |  1.1
Earth Magic    | 1 |  1.1
Poison Magic   | 1 |  1.1
Fighting       | |  6.6
Axes           | |  4.7
Armour         | |  4.7
Dodging        | |  2.9
Invocations    | |  4.8

Action                   |  1- 3 |  4- 6 || total
-------------------------+-------+-------++-------
Melee: Hand axe          |   111 |    88 ||   199
       Bite              |     7 |     5 ||    12
       Punch             |       |     1 ||     1
Invok: Depart the Abyss  |     1 |       ||     1
  Use: Scroll            |     7 |     5 ||    12
       Potion            |     1 |     2 ||     3
Armor: Plate armour      |   122 |   152 ||   274
Dodge: Dodged            |    23 |    45 ||    68

Table legend: (Time is in decaauts)
 A = Elapsed time spent in this place.
 B = Non-inter-level travel time spent in this place.
 C = Inter-level travel time spent in this place.
 D = Time resting spent in this place.
 E = Time spent auto-exploring this place.
 F = Levels seen in this place.
 G = Mean time per level.
                   A        B        C        D        E       F      G
               +--------+--------+--------+--------+--------+-----+--------+
         Total |   2858 |   2736 |    122 |      0 |   2057 |   8 |  357.2 |
       Dungeon |   2675 |   2553 |    122 |      0 |   1956 |   4 |  668.8 |
         Abyss |    183 |    183 |      0 |      0 |    101 |   4 |   45.8 |
               +--------+--------+--------+--------+--------+-----+--------+

Top non-repeatable levels by time:
     D:2: 1223 daAuts
     D:1: 925 daAuts
     D:3: 511 daAuts
 Abyss:3: 59 daAuts
 Abyss:1: 54 daAuts
 Abyss:4: 34 daAuts
 Abyss:2: 34 daAuts
     D:4: 14 daAuts
